 Dungeon Crawl Stone Soup version 0.32-a0-30-gefbe487952 (webtiles) character file.

Game seed: 2633636154447248616

418 PriceMaster the Firebug (level 6, -9/36 HPs)
             Began as an Octopode Fire Elementalist on Jan 20, 2024.
             Was an Initiate of Nemelex Xobeh.
             Mangled by Duvessa
             ... wielding a +0 rapier of protection
              (16 damage)
             ... on level 4 of the Dungeon.
             The game lasted 00:05:55 (3753 turns).

PriceMaster the Firebug (OpFE)                      Turns: 3753, Time: 00:05:57

Health: -9/36      AC:  3    Str:  7    XL:     6   Next: 93%
Magic:  4/11       EV: 13    Int: 19    God:    Nemelex Xobeh [......]
Gold:   151        SH:  0    Dex: 13    Spells: 6/12 levels left

rFire   . . .        f - +0 spear
rCold   . . .        (no shield)
rNeg    . . .        q - +2 hat
rPois   .            (no amulet)
rElec   .            (no ring)
rCorr   .            (no ring)
SInv    .            (no ring)
Will    .....        (no ring)
Stlth   ++           (no ring)
HPRegen 0.26/turn    (no ring)
MPRegen 0.12/turn    (no ring)
                     (no ring)

%: no passive effects
@: lit by a corona, very slightly contaminated, glowing
A: almost no armour, amphibious, 8 rings, camouflage 1, gelatinous body 1,
(nimble swimmer 1), tentacles
a: Renounce Religion, Draw Escape, Draw Destruction, Draw Summoning


You were on level 4 of the Dungeon.
You worshipped Nemelex Xobeh.
Nemelex Xobeh was noncommittal.
You visited 1 branch of the dungeon, and saw 4 of its levels.

You collected 151 gold pieces.

Inventory:

Hand Weapons
 f - a +0 spear (weapon)
 p - a +0 scythe
Armour
 q - a +2 hat (worn)
Scrolls
 b - a scroll of poison {unknown}
 e - a scroll of vulnerability {unknown}
 g - a scroll of noise {unknown}
 h - 2 scrolls of fog {unknown}
 i - a scroll of brand weapon {unknown}
 j - 4 scrolls of identify {unknown}
 l - 3 scrolls of teleportation {unknown}
 n - 5 scrolls of revelation {unknown}
 o - a scroll of fear {unknown}
 r - a scroll of immolation {unknown}
Potions
 c - a potion of brilliance {unknown}
 d - a potion of curing {unknown}
 k - a potion of lignification {unknown}
 m - 2 potions of enlightenment {unknown}


   Skills:
 + Level 0.2 Fighting
 + Level 2.2 Polearms
 + Level 2.2 Dodging
 + Level 3.6 Stealth
 + Level 0.9 Unarmed Combat
 + Level 3.8 Spellcasting
 + Level 2.2 Conjurations
 + Level 1.0 Hexes
 + Level 4.8 Fire Magic


You had 6 spell levels left.
You knew the following spells:

 Your Spells              Type           Power      Damage    Failure   Level
a - Foxfire               Conj/Fire      68%        2x1d7     3%          1
b - Scorch                Fire           42%        2d6       3%          2
c - Inner Flame           Hex/Fire       14%        N/A       13%         3

Your spell library contained the following spells:

 Spells                   Type           Power      Damage    Failure   Level
 Summon Small Mammal      Summ           12%        N/A       14%         1
 Volatile Blastmotes      Fire/Tloc      24%        2d12      16%         3
 Flame Wave               Conj/Fire      17%        2d7       32%         4
 Call Canine Familiar     Summ           3%         N/A       38%         3
 Summon Blazeheart Golem  Fire/Summ      12%        N/A       45%         4


Dungeon Overview and Level Annotations

Branches:
Dungeon (4/15)
 Temple: D:4-7

Altars:
Fedhas
Nemelex Xobeh
Okawaru

Shops:
D:2 :

Annotations:
D:4 Duvessa


Innate Abilities, Weirdness & Mutations

You cannot wear most types of armour.
You are amphibious.
You can wear up to eight rings at the same time.
Your skin changes colour to match your surroundings (Stealth+).
Your rubbery body absorbs attacks. (AC +1, EV +1)
((You are camouflaged when in or above water. (Stealth+)))
You have tentacles for arms and can constrict up to eight enemies at once.


Message History

Duvessa, Sister of Dowan comes into view.
She is wielding a +0 rapier of protection.
Duvessa is nearby!
Casting: Foxfire (safe; 3% risk of failure)
Confirm with . or Enter, or press ? or * to list all spells.
Aiming: Inner Flame (quite dangerous; 13% risk of failure)
Press: ? - help, Dir - move target, f - Duvessa
Aim: Duvessa, wielding a +0 rapier of protection and wearing a +0 scale mail (chance to affect: 50%)
You miscast Inner Flame.
Nothing appears to happen.
Duvessa goes berserk!
Unknown command.
Casting: Inner Flame (quite dangerous; 13% risk of failure)
Confirm with . or Enter, or press ? or * to list all spells.
Aiming: Inner Flame (quite dangerous; 13% risk of failure)
Press: ? - help, Dir - move target, f/p - Duvessa
Aim: Duvessa, wielding a +0 rapier of protection and wearing a +0 scale mail (berserk, chance to affect: 50%)
You miscast Inner Flame.
Nothing appears to happen.
Magic courses through your body.
Duvessa rages.
Casting: Inner Flame (quite dangerous; 13% risk of failure)
Confirm with . or Enter, or press ? or * to list all spells.
Flames lash Duvessa but do no damage.
Duvessa hits you with a +0 rapier of protection.
Casting: Scorch (safe; 3% risk of failure)
Confirm with . or Enter, or press ? or * to list all spells.
Flames lash Duvessa.
Duvessa is lightly wounded.
Duvessa's fire resistance burns away.
Duvessa misses you. Duvessa barely misses you.
Casting: Scorch (safe; 3% risk of failure)
Confirm with . or Enter, or press ? or * to list all spells.
Flames lash Duvessa but do no damage.
Duvessa hits you with a +0 rapier of protection!
Casting: Scorch (safe; 3% risk of failure)
Confirm with . or Enter, or press ? or * to list all spells.
You conjure some foxfire!
Duvessa is no longer more vulnerable to fire.
Duvessa hits you with a +0 rapier of protection!
* * * LOW HITPOINT WARNING * * *
Duvessa hits you with a +0 rapier of protection!
You die...
Your body disappears without additional glow.

. .. ..♣ >.##.# ..♣ ...
..... ..♣ ~?..~~
#..###.$♣♣~~....~P
#........♣ ~....~~
#.#..###.♣♣~~..~~~ #
#......##.~~....~≈
....####e........♣...~~~
#......@v###....##...~~~
#####..#v#####.......♣~~
##.......##......♣P~
..#.###..###.###♣~~
####..###.....####♣~
##...........###♣
########....... ######..
#..


You could see Duvessa (berserk, ally target).

Vanquished Creatures
  Sigmund (D:3)
  A scorpion (D:3)
  Dowan (D:4)
  A bombardier beetle (D:4)
  A jelly (D:4)
  Robin (D:3)
  2 adders
  2 dart slugs
  A ribbon worm (D:4)
  6 ball pythons
  2 endoplasms
  3 giant cockroaches
  13 goblins
  9 hobgoblins
  A quokka (D:2)
  4 bats
  3 frilled lizards (D:1)
  3 kobolds
  3 rats
58 creatures vanquished.

Vanquished Creatures (others)
  123 foxfires
123 creatures vanquished.

Grand Total: 181 creatures vanquished

Notes
Turn   | Place    | Note
-------+----------+-------------------------------------------
     0 | D:1      | PriceMaster the Octopode Fire Elementalist began the quest
                  | for the Orb.
     0 | D:1      | Reached XP level 1. HP: 11/11 MP: 3/3
   324 | D:1      | Reached XP level 2. HP: 15/17 MP: 1/5
   827 | D:1      | Learned a level 2 spell: Scorch
  1538 | D:2      | Reached XP level 3. HP: 21/21 MP: 3/6
  1542 | D:2      | Learned a level 3 spell: Inner Flame
  2081 | D:2      | Found Tinyruimuu's Vocational Training.
  2609 | D:3      | Reached XP level 4. HP: 27/27 MP: 5/8
  2609 | D:3      | Noticed Robin
  2613 | D:3      | Killed Robin
  2633 | D:3      | Noticed Sigmund
  2743 | D:3      | Killed Sigmund
  2744 | D:3      | Reached skill level 1 in Polearms
  2744 | D:3      | Reached skill level 4 in Fire Magic
  2744 | D:3      | Reached XP level 5. HP: 16/31 MP: 6/10
  2744 | D:3      | Reached XP level 6. HP: 18/36 MP: 6/11
  3369 | D:3      | Found a sparkling altar of Nemelex Xobeh.
  3369 | D:3      | Found an iron altar of Okawaru.
  3385 | D:3      | Became a worshipper of Nemelex Xobeh the Trickster
  3501 | D:4      | Reached skill level 1 in Hexes
  3601 | D:4      | Found a blossoming altar of Fedhas.
  3736 | D:4      | Noticed Dowan
  3740 | D:4      | Killed Dowan
  3742 | D:4      | Noticed Duvessa
  3753 | D:4      | Mangled by Duvessa

Illustrated notes

Levels and vault maps discovered:
D:1:      tarquinn_simple_flora_water_e, layout_basic, minmay_misc_feat_doors,
          corexii_leaking_fountain, st_stairs_14, bh_walls_and_bars
D:2:      layout_basic, kennysheep_minor_cross, nicolae_shop_vocational
D:3:      layout_basic, gammafunk_temple_overflow_pools, serial_glass,
          glass_columns_a, glass_columns_a, glass_columns_a, glass_columns_c,
          glass_columns_c, due_unseen_surprise, feat_on_display,
          item_on_display_a, minmay_strange_pillars, uniq_sigmund, uniq_robin
D:4:      layout_rooms, fedhas_altar_4, serial_bayou_ford_a, uniq_duvessa

Skill      XL: |  1  2  3  4  5  6 |
---------------+-------------------+-----
Stealth        | 3 |  3.6
Polearms       | 1 2 |  2.2
Spellcasting   | 3 |  3.8
Conjurations   | 2 |  2.2
Fire Magic     | 4 |  4.8
Hexes          | 1 |  1.0
Fighting       | |  0.2
Dodging        | |  2.2
Unarmed Combat | |  0.9

Action                     |  1- 3 |  4- 6 || total
---------------------------+-------+-------++-------
  Melee: Unarmed           |    21 |       ||    21
         Constrict         |    13 |     3 ||    16
         Tentacles         |     9 |     3 ||    12
         Spear             |    29 |     9 ||    38
         Punch             |     2 |       ||     2
   Cast: Foxfire           |    48 |    38 ||    86
         Scorch            |     3 |     6 ||     9
         Inner Flame       |     2 |     6 ||     8
    Use: Potion            |       |     3 ||     3
   Stab: Sleeping          |     1 |       ||     1
 Armour: Skin              |    14 |     8 ||    22
  Dodge: Dodged            |    30 |     7 ||    37

Table legend: (Time is in decaauts)
 A = Elapsed time spent in this place.
 B = Non-inter-level travel time spent in this place.
 C = Inter-level travel time spent in this place.
 D = Time resting spent in this place.
 E = Time spent auto-exploring this place.
 F = Levels seen in this place.
 G = Mean time per level.
                   A        B        C        D        E       F      G
               +--------+--------+--------+--------+--------+-----+--------+
         Total |   3755 |   3683 |     72 |     90 |   3111 |   4 |  938.8 |
       Dungeon |   3755 |   3683 |     72 |     90 |   3111 |   4 |  938.8 |
               +--------+--------+--------+--------+--------+-----+--------+

Top non-repeatable levels by time:
     D:1: 1298 daAuts
     D:3: 1282 daAuts
     D:2: 859 daAuts
     D:4: 314 daAuts
